 Dungeon Crawl Stone Soup version 0.28.0-53-g5a82cb258f (webtiles) character file.

Game seed: 14714576542410399312

112 funkygono the Covered (level 4, -1/40 HPs)
             Began as a Minotaur Fighter on July 7, 2022.
             Slain by an orc wizard
             ... wielding a +0 dagger
              (3 damage)
             ... on level 3 of the Dungeon.
             The game lasted 00:02:04 (2294 turns).

funkygono the Covered (Minotaur Fighter)            Turns: 2294, Time: 00:02:05

Health: -1/40      AC:  7    Str: 22    XL:     4   Next: 63%
Magic:  3/3        EV:  9    Int:  5    God:
Gold:   73         SH:  4    Dex: 10    Spells: 3/3 levels left

rFire   . . .      SeeInvis .   a - +0 long sword
rCold   . . .      Faith    .   c - +0 buckler
rNeg    . . .      Spirit   .   b - +0 scale mail
rPois   .          Reflect  .   (helmet restricted)
rElec   .          Harm     .   g - scarf {+Inv}
rCorr   .          Rampage  .   (no gloves)
Will    .....                   (no boots)
Stlth   ..........              (no amulet)
HPRegen 0.13/turn               (no ring)
MPRegen 0.08/turn               (no ring)

@: mighty
A: horns 2, retaliatory headbutt
a: Evoke Invisibility


You were on level 3 of the Dungeon.
You visited 1 branch of the dungeon, and saw 3 of its levels.

You collected 73 gold pieces.

Inventory:

Hand Weapons
 a - a +0 long sword (weapon)
Armour
 b - a +0 scale mail (worn)
 c - a +0 buckler (worn)
 g - a scarf of invisibility (worn)
Scrolls
 f - 3 scrolls of identify {unknown}
 h - a scroll of teleportation {unknown}
 i - a scroll of amnesia {unknown}
 j - a scroll of enchant weapon {unknown}
 k - a scroll of vulnerability {unknown}
Potions
 e - a potion of magic {unknown}
 l - 2 potions of degeneration {unknown}


   Skills:
 + Level 4.2 Fighting
 + Level 4.0 Long Blades
 + Level 4.5 Armour
 + Level 0.3 Dodging
 + Level 4.3 Shields


You had 3 spell levels left.
You didn't know any spells.
Your spell library was empty.

Dungeon Overview and Level Annotations

Branches:
Dungeon (3/15)

Altars:


Innate Abilities, Weirdness & Mutations

You have a pair of horns on your head.
You reflexively headbutt those who attack you in melee.


Message History

The orc shouts!
The orc wizard shouts!
The orc wizard gestures wildly while chanting.
The orc wizard flickers and vanishes!
Deactivating autopickup; reactivate with Ctrl-A.
An orc priest comes into view. It is wielding a +0 dagger.
The orc priest hits you with a +0 club.
You barely miss the orc priest.
The orc priest shouts!
An orc comes into view. It is wielding a +0 club.
You block the orc priest's attack.
The orc shouts!
You hit the orc priest.
The orc priest is heavily wounded.
The orc priest calls down the wrath of Beogh upon you.
Beogh smites you!
The orc priest mumbles some strange prayers to Beogh against you.
Pain shoots through your body!
The orc priest looks satisfied for a moment.
The orc priest invokes the aid of Beogh against you.
Beogh smites you!
* * * LOW HITPOINT WARNING * * *
You feel very mighty all of a sudden.
You barely miss the orc priest.
The orc priest is moderately wounded.
The orc priest hits you but does no damage.
You slice the orc priest!!
You kill the orc priest!
Your Long Blades skill increases to level 4!
You slice the orc!!
You kill the orc!
You closely miss something. Your headbutt misses something.
Something hits you but does no damage.
You barely miss something.
You hear some strange, mumbled words.
A puff of flame appears from out of thin air!
The puff of flame hits you.
* * * LOW HITPOINT WARNING * * *
Something hits you but does no damage.
You hit something. Something hits you.
You die...

#.##########
#..........#
##########.#
#.# #.# #.#
#.# #.# #@#
############{#
#o....o..o.oo#
#.############


You could see an orc priest and an orc.

Vanquished Creatures
  An orc priest (D:3)
  Jessica (D:2)
  4 worms
  5 orcs
  4 bats
  2 endoplasms (D:2)
  3 giant cockroaches (D:1)
  3 goblins
  5 hobgoblins
  4 kobolds (D:1)
  2 quokkas (D:2)
  A ball python (D:2)
  3 frilled lizards (D:2)
  2 rats
40 creatures vanquished.

Vanquished Creatures (others)
  2 fungi (D:2)
2 creatures vanquished.

Grand Total: 42 creatures vanquished

Notes
Turn   | Place    | Note
-------+----------+-------------------------------------------
     0 | D:1      | funkygono the Minotaur Fighter began the quest for the Orb.
     0 | D:1      | Reached XP level 1. HP: 19/19 MP: 0/0
   277 | D:1      | Reached XP level 2. HP: 27/27 MP: 1/1
  1206 | D:2      | Found a faded altar of an unknown god.
  1297 | D:2      | Reached XP level 3. HP: 14/33 MP: 2/2
  1496 | D:2      | Noticed Jessica
  1507 | D:2      | Killed Jessica
  1720 | D:2      | Reached XP level 4. HP: 17/40 MP: 3/3
  2293 | D:3      | HP: 1/40 [something/puff of flame (4)]
  2294 | D:3      | Slain by an orc wizard

Illustrated notes

Levels and vault maps discovered:
D:1:      minmay_arrival_nine_rooms, layout_basic
D:2:      layout_rooms, shapermc_ecumenical_altar_mp_urbaneastern,
          minmay_tall_x, uniq_jessica
D:3:      layout_basic, amethyst_killhole, chequers_serial_rivers_large_b,
          minmay_misc_feat_square, uniq_natasha

Skill      XL: |  1  2  3  4 |
---------------+-------------+-----
Shields        | 4 |  4.3
Armour         | 4 |  4.5
Fighting       | 4 |  4.2
Long Blades    | 3 4 |  4.0
Dodging        | |  0.3

Action                   |  1- 3 |  4- 6 || total
-------------------------+-------+-------++-------
Melee: Long sword        |    71 |    25 ||    96
       Headbutt          |    12 |     3 ||    15
  Use: Potion            |       |     1 ||     1
Armor: Scale mail        |    27 |    11 ||    38
Dodge: Dodged            |    28 |     5 ||    33
Block: Buckler           |    17 |     2 ||    19
